| TOP OF THE 1ST |
|
Eugene Emeralds batting - Pitching for Tucson Toros : RHP Mark Littell
|
|
Pitching: RHP Mark Littell
|
|
|
Batting: LHB James Peters
|
0-0: Foul Ball, location: 2F 0-1: Swinging Strike 0-2: Strikes out looking
|
|
Batting: LHB Ty Gainey
|
0-0: Ball 1-0: Ball 2-0: Foul Ball, location: 2F 2-1: Ball 3-1: Base on Balls
|
|
Batting: RHB Tim Wallach
|
0-0: Ball 1-0: Swinging Strike 1-1: Called Strike 1-2: Fly out, F6 (Popup, 6, EV 56.3 MPH)
|
|
Batting: LHB Randy Bush
|
0-0: Ball 1-0: Swinging Strike 1-1: Ball 2-1: SINGLE (Line Drive, 6M, EV 101.3 MPH) Ty Gainey to second
|
|
Batting: RHB Derrell Baker
|
0-0: Ball 1-0: Foul Ball, location: 2F 1-1: Foul Ball, location: 2F 1-2: Ball 2-2: Ball 3-2: Foul Ball, location: 2F 3-2: Foul Ball, location: 2F 3-2: Ground out 6-3 (Groundball, 6M, EV 106.9 MPH)
|
| Top of the 1st over - 0 runs, 1 hit, 0 errors, 2 left on base; Eugene 0 - Tucson 0 |
| BOTTOM OF THE 1ST |
|
Tucson Toros batting - Pitching for Eugene Emeralds : RHP Jack Morris
|
|
Pitching: RHP Jack Morris
|
|
|
Batting: LHB Juan Bustabad
|
0-0: Ground out 4-3 (Groundball, 4, EV 90.0 MPH)
|
|
Batting: SHB Rodney Scott
|
0-0: SINGLE (Line Drive, 78S, EV 100.0 MPH)
|
|
Batting: LHB Pat Dodson
|
0-0: Ball Rodney Scott is caught stealing 2nd base 2-6 1-0: Ball 2-0: Fly out, F8 (Flyball, 78D, EV 100.0 MPH)
|
| Bottom of the 1st over - 0 runs, 1 hit, 0 errors, 0 left on base; Eugene 0 - Tucson 0 |
| TOP OF THE 2ND |
|
Eugene Emeralds batting - Pitching for Tucson Toros : RHP Mark Littell
|
|
Batting: LHB Clay Hill
|
0-0: Called Strike 0-1: Swinging Strike 0-2: Ball 1-2: Strikes out looking
|
|
Batting: LHB Terry Lee
|
0-0: Swinging Strike 0-1: Swinging Strike 0-2: Ball 1-2: Strikes out swinging
|
|
Batting: LHB Ron Harrison
|
0-0: Ground out 4-3 (Groundball, 4D, EV 89.4 MPH)
|
| Top of the 2nd over - 0 runs, 0 hits, 0 errors, 0 left on base; Eugene 0 - Tucson 0 |
| BOTTOM OF THE 2ND |
|
Tucson Toros batting - Pitching for Eugene Emeralds : RHP Jack Morris
|
|
Batting: LHB Jeremy Penk
|
0-0: Foul Ball, location: 2F 0-1: Foul Ball, location: 2F 0-2: Ground out 4-3 (Groundball, 4, EV 83.1 MPH)
|
|
Batting: LHB Danny Garcia
|
0-0: Called Strike 0-1: Ground out 4-3 (Groundball, 4, EV 93.8 MPH)
|
|
Batting: SHB Michael Miara
|
0-0: Called Strike 0-1: Foul Ball, location: 2F 0-2: Ball 1-2: Strikes out swinging
|
| Bottom of the 2nd over - 0 runs, 0 hits, 0 errors, 0 left on base; Eugene 0 - Tucson 0 |
| TOP OF THE 3RD |
|
Eugene Emeralds batting - Pitching for Tucson Toros : RHP Mark Littell
|
|
Batting: LHB Richard Rickman
|
0-0: Ball 1-0: Called Strike 1-1: Swinging Strike 1-2: Ball 2-2: Foul Ball, location: 2F 2-2: Ground out U3 (Groundball, 3, EV 83.8 MPH)
|
|
Batting: LHB James Peters
|
0-0: Ball 1-0: Ball 2-0: Ball 3-0: Base on Balls
|
|
Batting: LHB Ty Gainey
|
0-0: Ball 1-0: Ball 2-0: Foul Ball, location: 2F 2-1: Foul Ball, location: 2F 2-2: Ball James Peters steals 2nd, throwing error, E2 James Peters to third 3-2: Fly out, F8 (Line Drive, 8RM, EV 105.0 MPH) Runner from 3rd tags up, SCORES, no throw by CF
|
|
Batting: RHB Tim Wallach
|
0-0: Called Strike 0-1: Ball 1-1: Ground out 6-3 (Groundball, 6, EV 84.4 MPH)
|
| Top of the 3rd over - 1 run, 0 hits, 1 error, 0 left on base; Eugene 1 - Tucson 0 |
| BOTTOM OF THE 3RD |
|
Tucson Toros batting - Pitching for Eugene Emeralds : RHP Jack Morris
|
|
Batting: LHB Bruce Boisclair
|
0-0: Called Strike 0-1: Ball 1-1: SINGLE (Line Drive, 4MD, EV 95.6 MPH)
|
|
Batting: RHB Talmadge Tanks
|
0-0: Ball 1-0: Called Strike 1-1: Called Strike 1-2: Strikes out swinging
|
|
Batting: RHB Andy Pasillas
|
0-0: Ball Bruce Boisclair steals 2nd base 1-0: Ball 2-0: Ball 3-0: Base on Balls
|
|
Batting: LHB Juan Bustabad
|
0-0: Called Strike Bruce Boisclair is caught stealing 3rd base 2-5 0-1: Ball 1-1: Foul Ball, location: 2F 1-2: Foul Ball, location: 2F 1-2: Ground out U3 (Groundball, 3L, EV 91.3 MPH)
|
| Bottom of the 3rd over - 0 runs, 1 hit, 0 errors, 1 left on base; Eugene 1 - Tucson 0 |
| TOP OF THE 4TH |
|
Eugene Emeralds batting - Pitching for Tucson Toros : RHP Mark Littell
|
|
Batting: LHB Randy Bush
|
0-0: Called Strike 0-1: Called Strike 0-2: Ball 1-2: DOUBLE (Flyball, 8RXD, EV 90.6 MPH)
|
|
Batting: RHB Derrell Baker
|
0-0: Swinging Strike 0-1: Foul Ball, location: 2F 0-2: Strikes out looking
|
|
Batting: LHB Clay Hill
|
0-0: Called Strike 0-1: Ball 1-1: SINGLE (Line Drive, 7S, EV 102.5 MPH) Randy Bush to third
|
|
Batting: LHB Terry Lee
|
0-0: Foul Ball, location: 2F 0-1: Ball 1-1: Reached on error, E4 (Groundball, 4, EV 105.6 MPH) Randy Bush scores Clay Hill to second
|
|
Batting: LHB Ron Harrison
|
0-0: Fly out, F7 (Line Drive, 7D, EV 101.9 MPH)
|
|
Batting: LHB Richard Rickman
|
0-0: Ball 1-0: Called Strike 1-1: Swinging Strike 1-2: Strikes out swinging
|
| Top of the 4th over - 1 run, 2 hits, 1 error, 2 left on base; Eugene 2 - Tucson 0 |
| BOTTOM OF THE 4TH |
|
Tucson Toros batting - Pitching for Eugene Emeralds : RHP Jack Morris
|
|
Batting: SHB Rodney Scott
|
0-0: Ground out 1-3 (Groundball, 13S, EV 65.6 MPH)
|
|
Batting: LHB Pat Dodson
|
0-0: Ball 1-0: Called Strike 1-1: SOLO HOME RUN (Flyball, 9D, EV 94.4 MPH), Distance : 369 ft
|
|
Batting: LHB Jeremy Penk
|
0-0: Ball 1-0: Foul Ball, location: 2F 1-1: Foul Ball, location: 2F 1-2: SINGLE (Flyball, 56D, EV 90.0 MPH)
|
|
Batting: LHB Danny Garcia
|
0-0: Ball 1-0: Called Strike 1-1: Called Strike 1-2: Ball 2-2: Foul Ball, location: 2F 2-2: Ball 3-2: SINGLE (Groundball, 34D, EV 101.9 MPH) Jeremy Penk to second Runner from 2nd tries for 3rd, SAFE, throw by RF made to third
|
|
Batting: SHB Michael Miara
|
0-0: Called Strike 0-1: Ball Danny Garcia steals 2nd base (no throw) 1-1: Foul Ball, location: 2F 1-2: Ground out 5-3 (Groundball, 56S, EV 77.5 MPH) Jeremy Penk scores
|
|
Batting: LHB Bruce Boisclair
|
0-0: Called Strike 0-1: Ground out 3-1 (Groundball, 13, EV 90.6 MPH)
|
| Bottom of the 4th over - 2 runs, 3 hits, 0 errors, 1 left on base; Eugene 2 - Tucson 2 |
| TOP OF THE 5TH |
|
Eugene Emeralds batting - Pitching for Tucson Toros : RHP Mark Littell
|
|
Batting: LHB James Peters
|
0-0: Ground out U3 (Groundball, 3, EV 107.5 MPH)
|
|
Batting: LHB Ty Gainey
|
0-0: Foul Ball, location: 2F 0-1: Ball 1-1: Foul Ball, location: 2F 1-2: Strikes out swinging
|
|
Batting: RHB Tim Wallach
|
0-0: Called Strike 0-1: Fly out, F9 (Flyball, 89M, EV 81.3 MPH)
|
| Top of the 5th over - 0 runs, 0 hits, 0 errors, 0 left on base; Eugene 2 - Tucson 2 |
| BOTTOM OF THE 5TH |
|
Tucson Toros batting - Pitching for Eugene Emeralds : RHP Jack Morris
|
|
Batting: RHB Talmadge Tanks
|
0-0: Called Strike 0-1: Swinging Strike 0-2: Strikes out looking
|
|
Batting: RHB Andy Pasillas
|
0-0: Ball 1-0: Ball 2-0: Called Strike 2-1: Swinging Strike 2-2: Ball 3-2: Base on Balls
|
|
Batting: LHB Juan Bustabad
|
0-0: Called Strike 0-1: Ball 1-1: Ball 2-1: Called Strike 2-2: Fielders Choice at 2nd, 4-6 (Groundball, 4M, EV 97.5 MPH)
|
|
Batting: SHB Rodney Scott
|
0-0: Foul Ball, location: 2F 0-1: Ball 1-1: Foul Ball, location: 2F 1-2: Ball 2-2: Foul Ball, location: 2F 2-2: Foul Ball, location: 2F 2-2: Strikes out looking
|
| Bottom of the 5th over - 0 runs, 0 hits, 0 errors, 1 left on base; Eugene 2 - Tucson 2 |
| TOP OF THE 6TH |
|
Eugene Emeralds batting - Pitching for Tucson Toros : RHP Mark Littell
|
|
Batting: LHB Randy Bush
|
0-0: Ball 1-0: Ball 2-0: Called Strike 2-1: Ball 3-1: Ground out U3 (Groundball, 3, EV 90.0 MPH)
|
|
Batting: RHB Derrell Baker
|
0-0: Swinging Strike 0-1: Ball 1-1: SINGLE (Groundball, 4MD, EV 98.8 MPH)
|
|
Batting: LHB Clay Hill
|
0-0: Called Strike 0-1: Swinging Strike 0-2: Strikes out swinging
|
|
Batting: LHB Terry Lee
|
0-0: Ball 1-0: Fielders Choice at 2nd, 6-4 (Groundball, 56D, EV 93.1 MPH)
|
| Top of the 6th over - 0 runs, 1 hit, 0 errors, 1 left on base; Eugene 2 - Tucson 2 |
| BOTTOM OF THE 6TH |
|
Tucson Toros batting - Pitching for Eugene Emeralds : RHP Jack Morris
|
|
Batting: LHB Pat Dodson
|
0-0: Called Strike 0-1: Ball 1-1: Foul Ball, location: 2F 1-2: Fly out, F8 (Flyball, 8LXD, EV 90.0 MPH)
|
|
Batting: LHB Jeremy Penk
|
0-0: TRIPLE (Line Drive, 78XD, EV 98.8 MPH)
|
|
Batting: LHB Danny Garcia
|
0-0: Called Strike 0-1: Ball 1-1: Foul Ball, location: 2F 1-2: Ball 2-2: Ball 3-2: DOUBLE (Groundball, 5D, EV 95.6 MPH) Jeremy Penk scores
|
|
Batting: SHB Michael Miara
|
0-0: Called Strike 0-1: Ball 1-1: Ball 2-1: Fly out, F7 (Flyball, 7LM, EV 94.4 MPH)
|
|
Batting: LHB Bruce Boisclair
|
0-0: Ground out U3 (Groundball, 3, EV 85.6 MPH)
|
| Bottom of the 6th over - 1 run, 2 hits, 0 errors, 1 left on base; Eugene 2 - Tucson 3 |
| TOP OF THE 7TH |
|
Eugene Emeralds batting - Pitching for Tucson Toros : RHP Mark Littell
|
|
Batting: LHB Ron Harrison
|
0-0: Ball 1-0: Called Strike 1-1: Ground out 2-3 (Groundball, 15S, EV 76.9 MPH)
|
|
Batting: LHB Richard Rickman
|
0-0: Ball 1-0: Ground out 6-3 (Groundball, 6, EV 97.5 MPH)
|
|
Batting: LHB James Peters
|
0-0: Fly out, F8 (Flyball, 8RXD, EV 104.4 MPH)
|
| Top of the 7th over - 0 runs, 0 hits, 0 errors, 0 left on base; Eugene 2 - Tucson 3 |
| BOTTOM OF THE 7TH |
|
Tucson Toros batting - Pitching for Eugene Emeralds : RHP Jack Morris
|
|
Batting: RHB Talmadge Tanks
|
0-0: Foul Ball, location: 2F 0-1: Called Strike 0-2: Ball 1-2: Ground out 6-3 (Groundball, 6M, EV 97.5 MPH)
|
|
Batting: RHB Andy Pasillas
|
0-0: Fly out, F8 (Flyball, 78XD, EV 96.3 MPH)
|
|
Batting: LHB Juan Bustabad
|
0-0: Ball 1-0: Ball 2-0: Ground out 5-3 (Groundball, 5L, EV 99.4 MPH)
|
| Bottom of the 7th over - 0 runs, 0 hits, 0 errors, 0 left on base; Eugene 2 - Tucson 3 |
| TOP OF THE 8TH |
|
Eugene Emeralds batting - Pitching for Tucson Toros : RHP Mark Littell
|
|
Batting: LHB Ty Gainey
|
0-0: Swinging Strike 0-1: Ball 1-1: Called Strike 1-2: Ball 2-2: Strikes out looking
|
|
Pitching: RHP Eddie Garcia
|
|
|
Batting: RHB Tim Wallach
|
0-0: Called Strike 0-1: Fly out, F8 (Flyball, 8LS, EV 86.3 MPH)
|
|
Batting: LHB Randy Bush
|
0-0: Called Strike 0-1: Ball 1-1: Ball 2-1: Foul Ball, location: 2F 2-2: SINGLE (Groundball, 6M, EV 90.0 MPH) (infield hit)
|
|
Pinch Hitting: LHB Alfredo Edmead
|
0-0: Ball 1-0: Foul Ball, location: 2F 1-1: Swinging Strike 1-2: Ground out 4-3 (Groundball, 4, EV 82.5 MPH)
|
| Top of the 8th over - 0 runs, 1 hit, 0 errors, 1 left on base; Eugene 2 - Tucson 3 |
| BOTTOM OF THE 8TH |
|
Tucson Toros batting - Pitching for Eugene Emeralds : RHP Jack Morris
|
|
Now in CF: Alfredo Edmead
|
|
|
Batting: SHB Rodney Scott
|
0-0: Foul Ball, location: 2F 0-1: Foul Ball, location: 2F 0-2: Fly out, F8 (Flyball, 8RD, EV 99.4 MPH)
|
|
Batting: LHB Pat Dodson
|
0-0: Swinging Strike 0-1: Ball 1-1: Called Strike 1-2: Ground out U3 (Groundball, 3L, EV 84.4 MPH)
|
|
Batting: LHB Jeremy Penk
|
0-0: Ball 1-0: Ball 2-0: Swinging Strike 2-1: Called Strike 2-2: Ball 3-2: Strikes out swinging, 2-3 out at first.
|
| Bottom of the 8th over - 0 runs, 0 hits, 0 errors, 0 left on base; Eugene 2 - Tucson 3 |
| TOP OF THE 9TH |
|
Eugene Emeralds batting - Pitching for Tucson Toros : RHP Eddie Garcia
|
|
Pitching: RHP Mike Morgan
|
|
|
Batting: LHB Clay Hill
|
0-0: Swinging Strike 0-1: Ball 1-1: Foul Ball, location: 2F 1-2: Ball 2-2: Ball 3-2: Foul Ball, location: 2F 3-2: Base on Balls
|
|
Batting: LHB Terry Lee
|
0-0: Called Strike 0-1: SINGLE (Flyball, 8LS, EV 93.1 MPH) Clay Hill to second
|
|
Batting: LHB Ron Harrison
|
0-0: Sac Bunt to 3S - play at first, batter OUT! 3-4 Clay Hill to third Terry Lee to second
|
|
Pinch Hitting: RHB Jesus Vega
|
0-0: Ball 1-0: Ball 2-0: Fly out, F8 (Flyball, 8LM, EV 92.5 MPH)
|
|
Batting: LHB James Peters
|
0-0: Foul Ball, location: 2F 0-1: Fly out, F9 (Line Drive, 9D, EV 91.9 MPH)
|
| Top of the 9th over - 0 runs, 1 hit, 0 errors, 2 left on base; Eugene 2 - Tucson 3 |
|